[Event "Live Chess"]
[Site "Chess.com"]
[Date "2024.06.02"]
[Round "-"]
[White "CarmelJane"]
[Black "Crowded_House"]
[Result "1-0"]
[WhiteElo "2081"]
[BlackElo "1725"]
[TimeControl "300"]
[EndTime "17:00:27 PDT"]
[Termination "CarmelJane won by checkmate"]

1. Nf3 e6 2. g3 d5 3. Bg2 Bd6 4. c4 c6 5. cxd5 exd5 6. O-O Ne7 7.
Re1 O-O 8. a3 Nd7 9. b4 a6 10.
Bb2 Ng6 11. d3 Nf6 12. Nbd2 Re8 13. e4 dxe4 14. dxe4 Bc7 15. Qc2 Be5 16. Nxe5 Nxe5 17. f4 Ned7 18. Rad1 Qb6+ 19. Kh1 Ng4 20. Re2 Ne3 21.
Rxe3 Qxe3 22. Nc4 Qa7 23. Qc3 f6 24. Nd6 Re7 25. Qc4+ Kf8 26. e5 Nb6 27. Qb3 fxe5 28. fxe5 Be6 29. Rf1+ Kg8 30. Qf3 Bd5 31. Qh5 Bxg2+ 32.
Kxg2 Nd5 33. Kh3 Qe3 34. Nf5 g6 35. Nh6+ Kg7 36. e6+ Nf6 37. Bxf6+ Kf8 38. Bg5+ Ke8 39. Bxe3 Rxe6 40. Qf3 Kd7 41. Qf7+ Kd6 42. Bc5+ Kd5 43. Rd1+ Ke5 44. Re1+ Kd5 45. Qxe6# 1-0

[Event "Live Chess"]
[Site "Chess.com"]
[Date "2024.06.02"]
[Round "-"]
[White "cymbalshift"]
[Black "Outspanner"]
[Result "1-0"]
[WhiteElo "1747"]
[BlackElo "1530"]
[TimeControl "300"]
[EndTime "17:00:49 PDT"]
[Termination "cymbalshift won on time"]

1. d4 Nf6 2. Nc3 e6 3. e4 Bb4 4.
e5 Nd5 5. Qg4 Rg8 6. Bh6 Nxc3 7.
a3 Ba5 8. b4 Bb6 9. Bd3 d6 10.
Bxh7 Rh8 11. Qxg7 Kd7 12. Qxf7+ Qe7 13. Qxe7+ Kxe7 14. Bg5+ Kd7 15. Bd3 Bxd4 16. Nf3 Ne4 17. Nxd4 Nxg5 18. exd6 cxd6 19. O-O-O Nc6 20. Nxc6 bxc6 21.
f4 Nf7 22. g4 Bb7 23. g5 c5 24. Rhg1 cxb4 25. axb4 Rxh2 26. g6 Nh6 27. g7 Bf3 28. Rde1 Rb8 29. Rg6 Bg4 30. b5 Bf5 31. Bxf5 exf5 32. Reg1 Rc8 33. R1g2 Rh1+ 34. Kb2 1-0

[Event "Live Chess"]
[Site "Chess.com"]
[Date "2024.06.02"]
[Round "-"]
[White "Inglaterra"]
[Black "MaksymYurii"]
[Result "1-0"]
[WhiteElo "2049"]
[BlackElo "952"]
[TimeControl "300"]
[EndTime "17:00:59 PDT"]
[Termination "Inglaterra won by checkmate"]

1. e4 e5 2. Nf3 Nc6 3. d4 f6 4.
Bc4 d5 5. exd5 Na5 6. Bb5+ c6 7.
dxc6 bxc6 8. Ba4 Ba6 9. Bd2 Nc4 10. Bxc6+ Kf7 11. Bxa8 Nxb2 12. Qc1 Nc4 13. Be4 Nxd2 14. Qxd2 Qb8 15. Bd3 Bb4 16. c3 Bxd3 17. Qxd3 Ba5 18. O-O exd4 19. Nxd4 Nh6 20. Qc4+ Kg6 21. Re1 Bc7 22.
g3 Ng4 23. Nc6 Qb6 24. Qxg4+ Kf7 25. Re7+ Kf8 26. Qxg7# 1-0

[Event "Live Chess"]
[Site "Chess.com"]
[Date "2024.06.02"]
[Round "-"]
[White "TigerTank70"]
[Black "KeithArkell"]
[Result "0-1"]
[WhiteElo "2234"]
[BlackElo "2424"]
[TimeControl "300"]
[EndTime "17:01:11 PDT"]
[Termination "KeithArkell won by resignation"]

1. e4 c6 2. d4 d5 3. e5 c5 4.
c3 cxd4 5. cxd4 Nc6 6. Nc3 Bf5 7. Nf3 e6 8. Bd3 Bxd3 9. Qxd3 Nge7 10. O-O Nf5 11.
g4 Nh4 12. Nb5 Nxf3+ 13. Qxf3 a6 14. Bg5 Qd7 15. Nc3 Nxd4 16. Qd3 Nc6 17. f4 Bc5+ 18. Kh1 O-O 19. Bh4 Bd4 20. Rad1 Bxc3 21. bxc3 b5 22. Rf3 f6 23. Rh3 fxe5 24. fxe5 Nxe5 25. Qd4 Nf3 26. Qd3 Nxh4 27. Rxh4 g6 28. g5 Qf7 29. Rh3 Qf5 30. Qe3 Rf7 31. Re1 Raf8 32. Rg3 Qe4+ 33. Qxe4 dxe4 34.
Rxe4 Rf2 35. Rg2 Rf1+ 36. Rg1 R8f2 37. Rxe6 Rxg1+ 38. Kxg1 Rxa2 39. Rc6 a5 40. Rb6 Rb2 41. c4 b4 42. c5 Rc2 43. Rb5 b3 44. Rxb3 Rxc5 45.
Rb7 Rxg5+ 46. Kf2 Rh5 47. Kg3 Kf8 48. Ra7 Ke8 49. h4 Kd8 0-1

[Event "Live Chess"]
[Site "Chess.com"]
[Date "2024.06.02"]
[Round "-"]
[White "AlexanderMatlak"]
[Black "Cruiseylee78"]
[Result "1-0"]
[WhiteElo "2402"]
[BlackElo "1687"]
[TimeControl "300"]
[EndTime "17:01:49 PDT"]
[Termination "AlexanderMatlak won by resignation"]

1. c4 d6 2. Nf3 Nd7 3. Nc3 e5 4.
g3 Be7 5. Bg2 h6 6. O-O Ngf6 7.
b4 c6 8. b5 Qc7 9. a4 g5 10. a5 Nf8 11. a6 b6 12. bxc6 Ng6 13.
Nb5 Qd8 14. c7 Qd7 15. Nxe5 dxe5 16. Bxa8 Bxa6 17. Rxa6 O-O 18. Rxa7 Bb4 19. Bg2 Rc8 20. Bb2 1-0

[Event "Live Chess"]
[Site "Chess.com"]
[Date "2024.06.02"]
[Round "-"]
[White "TheSmoulderingMaster"]
[Black "educatedlad"]
[Result "0-1"]
[WhiteElo "1762"]
[BlackElo "1741"]
[TimeControl "300"]
[EndTime "17:02:03 PDT"]
[Termination "educatedlad won by resignation"]

1. e4 c5 2. Nf3 e6 3. d4 cxd4 4. Nxd4 Nc6 5. Nc3 a6 6. Be3 Nf6 7. f3 d5 8. Nxc6 bxc6 9. Qd2 c5 10. exd5 exd5 11. Bg5 d4 12. Ne4 Be7 13. Bxf6 Bxf6 14. Bc4 Qe7 15. O-O O-O 16. Rae1 Qd8 17. Qf4 Be6 18.
Bd3 c4 19. Be2 d3 20. cxd3 cxd3 21. Bd1 Bd4+ 22. Kh1 Qb8 23. Qh4 Qxb2 24. Ng5 h6 25. Nxe6 fxe6 26. Re4 Bf6 27. Qg4 Rab8 28. Bb3 d2 29.
Qxe6+ Kh8 30. Rd1 Qc1 31. Re2 Rfe8 32. Qxe8+ Rxe8 33. Rxe8+ Kh7 34. Re2 Bc3 35. Re3 Bb4 36.
Re4 a5 37. Rc4 Qb2 38. Bc2+ Kg8 39. Bb3 Kf8 40. Rc2 Qe5 41. Rc8+ Ke7 42. h3 Bd6 43.
Kg1 Qe1+ 0-1

[Event "Live Chess"]
[Site "Chess.com"]
[Date "2024.06.02"]
[Round "-"]
[White "ACM42"]
[Black "Dhaydon19"]
[Result "0-1"]
[WhiteElo "2167"]
[BlackElo "2678"]
[TimeControl "300"]
[EndTime "17:03:10 PDT"]
[Termination "Dhaydon19 won by resignation"]

1. e4 c6 2. d4 d5 3. e5 c5 4. c3 cxd4 5. cxd4 Nc6 6. Nc3 e6 7. Nf3 Nge7 8. Bd3 a6 9. O-O Nf5 10. Be3 Be7 11. a3 O-O 12. Rc1 Nxe3 13. fxe3 f6 14. exf6 Bxf6 15. Qb3 Na5 16. Qa2 g6 17. Kh1 Bd7 18. e4 dxe4 19. Nxe4 Be7 20. b4 Nc6 21.
Nc5 Bxc5 22. dxc5 Qe7 23. Rce1 Rae8 24. Bc4 Kg7 25. a4 Rf4 26. Qb3 Qf6 27. Nd2 Nd4 28. Qd1 Bc6 29. Ne4 Bxe4 30. Rxe4 Rxf1+ 31. Qxf1 Qxf1+ 32. Bxf1 e5 33. Kg1 Kf6 34. Bd3 a5 35. bxa5 Ra8 36. a6 bxa6 37. Kf2 a5 38. Bb5 Rc8 39. c6 Nxc6 40. Rc4 Ne7 41. Rh4 h5 42. g4 Rc2+ 43. Ke1 Kg5 44. Rh3 hxg4 45. Re3 Kf4 46. Rb3 Rxh2 0-1

[Event "Live Chess"]
[Site "Chess.com"]
[Date "2024.06.02"]
[Round "-"]
[White "grillage"]
[Black "GwaryTek"]
[Result "1-0"]
[WhiteElo "1859"]
[BlackElo "1901"]
[TimeControl "300"]
[EndTime "17:03:16 PDT"]
[Termination "grillage won on time"]

1. d4 Nf6 2. Nf3 c5 3. g3 cxd4 4. Nxd4 Nc6 5. Bg2 e6 6. O-O Bc5 7. c3 O-O 8. Bg5 h6 9. Be3 Qe7 10. Nxc6 bxc6 11. Bxc5 Qxc5 12. Nd2 Rb8 13. Nb3 Qh5 14.
h3 d5 15. e3 e5 16. Qxh5 Nxh5 17. Rab1 Bf5 18. Rbd1 Bc2 19. Ra1 Rfe8 20. Na5 Re6 21. b4 Nf6 22. Rac1 Bd3 23. Rfd1 Be2 24. Rd2 Ba6 25.
h4 Kf8 26. Bh3 Rd6 27. Nb3 Ne4 28. Rdd1 g6 29. Bg2 f5 30. Bf3 Nf6 31. Nc5 Bc4 32. Rd2 g5 33. hxg5 hxg5 34. a3 Ke7 35. Kg2 Rh8 36. Rh1 Rxh1 37. Kxh1 g4 38. Bd1 Rd8 39. Ba4 Rh8+ 40. Kg2 Kd6 41. Bc2 e4 42. Ba4 Nh7 43. Nb7+ Kc7 44. Na5 Ng5 45. Nxc6 Nf3 46. Rd3 Rh2+ 47.
Kf1 1-0

[Event "Live Chess"]
[Site "Chess.com"]
[Date "2024.06.02"]
[Round "-"]
[White "dmitro74"]
[Black "wadsy27"]
[Result "0-1"]
[WhiteElo "1729"]
[BlackElo "2581"]
[TimeControl "300"]
[EndTime "17:03:35 PDT"]
[Termination "wadsy27 won by resignation"]

1. d4 d5 2. c4 c6 3. Nc3 Nf6 4. Nf3 a6 5. e3 b5 6. cxd5 cxd5 7.
a3 e6 8. b4 Bd6 9. Bd3 O-O 10. O-O Nbd7 11. Nd2 Nb6 12. Nb3 Nc4 13.
Nc5 Qc7 14. g3 e5 15. Bxc4 dxc4 16. N3e4 Nxe4 17. Nxe4 exd4 18. Nxd6 Qxd6 19. Qxd4 Qxd4 20. exd4 Bb7 21. Be3 Rad8 22. f4 Rfe8 23. Kf2 f5 24. Rac1 Be4 25. Rc3 Kf7 26. h3 Re6 27. g4 g6 28. g5 h6 29. h4 hxg5 30. fxg5 Bd3 31. Re1 Re4 32. Kf3 Rde8 33. Rcc1 Rxh4 34. Bf4 Be4+ 35. Rxe4 Rxe4 36. Bg3 Rhg4 37. d5 Rd4 38. d6 Rd3+ 39. Kf2 Rgxg3 40. Re1 Rgf3+ 41. Kg2 Rfe3 42. d7 Rxe1 0-1

[Event "Live Chess"]
[Site "Chess.com"]
[Date "2024.06.02"]
[Round "-"]
[White "gobbles19"]
[Black "Duke_of_Bebington"]
[Result "1-0"]
[WhiteElo "2263"]
[BlackElo "1622"]
[TimeControl "300"]
[EndTime "17:03:53 PDT"]
[Termination "gobbles19 won by resignation"]

1. e4 e5 2. d4 exd4 3. c3 d5 4.
exd5 Qxd5 5. cxd4 Nc6 6. Nf3 Bg4 7. Be2 Bb4+ 8. Nc3 Bxc3+ 9. bxc3 Bxf3 10. Bxf3 Qb5 11.
Be2 Qf5 12. O-O Nge7 13. Bd3 Qf6 14. Rb1 b6 15. Re1 O-O 16. Qg4 Ng6 17. Bg5 Qd6 18. h4 Nce5 19. dxe5 Qxd3 20. h5 Nh8 21. Bf6 g6 22.
hxg6 Qxg6 23. Qc4 c5 24. Rbd1 Rfe8 25. Re4 h5 26. Re3 Qh6 27. Rd7 Qh7 28. Bxh8 Kxh8 29. Rxf7 Qg6 30. Rg3 Qh6 31. Rf6 Qh7 32. Qf4 Rg8 33. Rh6 Rxg3 34. Rxh7+ Kxh7 1-0

[Event "Live Chess"]
[Site "Chess.com"]
[Date "2024.06.02"]
[Round "-"]
[White "AlexanderMatlak"]
[Black "ShanthamGrarks"]
[Result "1-0"]
[WhiteElo "2403"]
[BlackElo "1845"]
[TimeControl "300"]
[EndTime "17:03:53 PDT"]
[Termination "AlexanderMatlak won by resignation"]

1. c4 e6 2. Nf3 Nf6 3. g3 b6 4. Bg2 Bb7 5. O-O Nc6 6. d4 d5 7.
Ne5 Nxe5 8. dxe5 Ng8 9. cxd5 Bxd5 10. Qa4+ c6 11. e4 b5 12. Qa6 Bc4 13. Qxc6+ Ke7 14. b3 Rc8 15. Ba3+ 1-0

[Event "Live Chess"]
[Site "Chess.com"]
[Date "2024.06.02"]
[Round "-"]
[White "booktrunk"]
[Black "NAZRIZ1977"]
[Result "0-1"]
[WhiteElo "1479"]
[BlackElo "2152"]
[TimeControl "300"]
[EndTime "17:04:15 PDT"]
[Termination "NAZRIZ1977 won by resignation"]

1. d4 Nf6 2. Nc3 d5 3. g3 g6 4. Bg2 Bg7 5. a3 O-O 6. Nf3 c5 7. Bf4 Nc6 8. dxc5 Nh5 9. Bd2 d4 10. Na4 e5 11. c3 d3 12. exd3 Qxd3 13. Qe2 Qc2 14. Qd1 Qxd1+ 15. Rxd1 Be6 16. O-O Bb3 17.
Rc1 Bxa4 18. Rfe1 Rad8 19. Bg5 f6 20. Be3 Rfe8 21. Nd2 f5 22. f3 f4 23. gxf4 exf4 24. Bd4 Rxe1+ 25. Rxe1 Nxd4 26. cxd4 Bxd4+ 27. Kh1 Bxc5 28. Nc4 Bc6 29. Ne5 Nf6 30. Nxc6 bxc6 31. Bh3 Be3 0-1

[Event "Live Chess"]
[Site "Chess.com"]
[Date "2024.06.02"]
[Round "-"]
[White "Queensandpawns"]
[Black "WelshTiger"]
[Result "0-1"]
[WhiteElo "2303"]
[BlackElo "2459"]
[TimeControl "300"]
[EndTime "17:04:20 PDT"]
[Termination "WelshTiger won by checkmate"]

1. e4 c5 2. d4 cxd4 3. c3 Nf6 4.
Bc4 e6 5. Nf3 d5 6. Bb5+ Nc6 7. e5 Nd7 8. cxd4 Bb4+ 9. Nc3 Qb6 10. Be2 f6 11. exf6 Nxf6 12. O-O O-O 13. Be3 Bd7 14.
Ne5 Bd6 15. Nxd7 Nxd7 16. Bg4 Rae8 17. Nxd5 exd5 18. Bxd7 Bxh2+ 19. Kh1 Bd6 20. Bxe8 Rxe8 21. Qh5 Qd8 22. Bg5 Qd7 23. Rae1 Rf8 24. Bh4 Bb4 25. Re3 Nxd4 26. Rd3 Nf5 27. Rfd1 d4 28. Bg3 g6 29. Qh3 Qe6 30. a3 Be7 31. Bf4 Bf6 32. g4 Ng7 33. g5 Qe4+ 34. Qf3 Qxf3+ 35. Rxf3 Bxg5 36. Bxg5 Rxf3 37. Rxd4 Ne6 38. Rd5 Nxg5 39. Rxg5 Rxf2 40. Rb5 b6 41. Kg1 Rc2 42. Rb3 Rc5 43. Kh1 h5 44.
Kg2 Kf7 45. Kh3 g5 46. Kg3 Kg6 47. Re3 Kf5 48. Re8 Re5 49. Rf8+ Ke4 50. Rh8 h4+ 51. Kg4 Kd3 52. Rh7 a5 53. Rb7 b5 54. Ra7 a4 55.
Rc7 Kd4 56. Rc3 Rc5 57. Rf3 Kc4 58. Rc3+ Kd4 59. Rf3 Rc2 60. Kxg5 Rxb2 61. Kxh4 Rb3 62. Rf4+ Kc3 63. Rf5 Kb2 64. Kg4 Kxa3 65. Kf4 b4 66.
Ra5 Rd3 67. Ke4 Rd8 68. Ke3 b3 69. Rb5 b2 70. Ke2 Ka2 71. Rb4 a3 72. Ra4 b1=Q 73. Rd4 Qc2+ 74. Rd2 Qxd2+ 75. Kf1 Rf8+ 76. Kg1 Qf2+ 77.
Kh1 Rh8# 0-1

[Event "Live Chess"]
[Site "Chess.com"]
[Date "2024.06.02"]
[Round "-"]
[White "toog"]
[Black "TheSmoulderingMaster"]
[Result "1-0"]
[WhiteElo "2596"]
[BlackElo "1762"]
[TimeControl "300"]
[EndTime "17:04:28 PDT"]
[Termination "toog won by resignation"]

1. e4 c5 2. Nc3 Nc6 3. Bb5 Nd4 4.
Bc4 e6 5. Nf3 g6 6. Nxd4 cxd4 7.
Ne2 Bg7 8. d3 Ne7 9. O-O O-O 10.
Bb3 a6 11. Ng3 b5 12. Bg5 Bb7 13. Qd2 Re8 14. Bh6 Bh8 15. f4 d5 16. f5 dxe4 17. fxe6 f5 18. dxe4 fxe4 19. Qf4 Nf5 20. Nxf5 gxf5 21.
Qg3+ 1-0

[Event "Live Chess"]
[Site "Chess.com"]
[Date "2024.06.02"]
[Round "-"]
[White "CheckThis4"]
[Black "Frankie_Badacsonyi"]
[Result "1-0"]
[WhiteElo "2696"]
[BlackElo "2421"]
[TimeControl "300"]
[EndTime "17:04:38 PDT"]
[Termination "CheckThis4 won by resignation"]

1. e4 c6 2. c4 d5 3. cxd5 cxd5 4. exd5 Nf6 5. Nc3 Nxd5 6. Nf3 e6 7. d4 Bb4 8. Bd2 Nc6 9. Bd3 Be7 10. O-O O-O 11. Re1 Bf6 12. Nxd5 Qxd5 13. Be4 Qd8 14. Bxc6 bxc6 15.
Bb4 Re8 16. Rc1 Rb8 17. Ba3 Qd5 18. b3 Qa5 19. Bd6 Ra8 20. Qc2 Ba6 21. Ne5 Bxe5 22. dxe5 Rac8 23. Re4 c5 24. Ra4 Qb5 25. h4 h6 26. Qd2 c4 27. Rcxc4 Rxc4 28. Rxc4 Rc8 29. Rxc8+ Bxc8 30. Qd4 a6 31. h5 Bb7 32. f3 Qd5 33. Qxd5 Bxd5 34. Kf2 f6 35. Ke3 Kf7 36. Kd4 fxe5+ 37.
Bxe5 g5 38. hxg6+ Kxg6 39. Kc5 Kf5 40. Bg3 Bb7 41. Kb6 1-0

[Event "Live Chess"]
[Site "Chess.com"]
[Date "2024.06.02"]
[Round "-"]
[White "RockTroll"]
[Black "Silverback7829"]
[Result "1-0"]
[WhiteElo "2197"]
[BlackElo "901"]
[TimeControl "300"]
[EndTime "17:04:52 PDT"]
[Termination "RockTroll won by checkmate"]

1. e4 e5 2. Nf3 Nc6 3. Bb5 d6 4.
d4 a6 5. Bxc6+ bxc6 6. dxe5 dxe5 7. Qxd8+ Kxd8 8. Nxe5 Bd6 9. Nxf7+ Ke8 10. Nxh8 Bb4+ 11. c3 Ba5 12. O-O Be6 13. Nd2 Kd7 14. Nb3 Nf6 15.
Nxa5 Rxh8 16. Rd1+ Kc8 17. f3 Nd7 18. Be3 Nf8 19. Nxc6 h5 20. Ne7+ Kb8 21. Rd8+ Kb7 22. Bc5 Bc4 23. Rad1 Rh6 24. Rxf8 Rc6 25. Be3 Rb6 26.
b3 Rb5 27. bxc4 Rb2 28. h3 Rxa2 29. Rb1+ Rb2 30. Rxb2# 1-0

[Event "Live Chess"]
[Site "Chess.com"]
[Date "2024.06.02"]
[Round "-"]
[White "StoreySniper"]
[Black "Tushinskiy"]
[Result "0-1"]
[WhiteElo "2530"]
[BlackElo "2245"]
[TimeControl "300"]
[EndTime "17:05:01 PDT"]
[Termination "Tushinskiy won by resignation"]

1. e4 e5 2. Nf3 d6 3. d4 Bg4 4.
Nc3 Nd7 5. Bc4 Ngf6 6. Be3 c6 7. h3 Bh5 8. dxe5 dxe5 9. Qe2 Bb4 10. Bd3 Nc5 11. Bxc5 Bxc5 12. g4 Bg6 13. Nxe5 Bd4 14.
Nxg6 hxg6 15. O-O-O Bxc3 16. bxc3 Qa5 17. Kb2 O-O-O 18.
Bc4 Nd7 19. Bxf7 Nc5 20. Bb3 Rhf8 21. f3 Qb6 22. Qc4 a5 23. Ka1 Kb8 24. a4 Rxd1+ 25. Rxd1 Rxf3 26. Ka2 Rxh3 27. Qg8+ Ka7 28. Rd8 Qc7 29.
Ra8+ Kb6 30. Qc4 Qe5 31. Kb2 Nxe4 32. Qg8 Qxc3+ 33. Ka2 Rh1 34. Qd8+ Kc5 35. Rxa5+ b5 36.
Rxb5+ cxb5 37. Qd5+ Kb6 38. Qxb5+ Kc7 39. Qa5+ Qxa5 0-1

[Event "Live Chess"]
[Site "Chess.com"]
[Date "2024.06.02"]
[Round "-"]
[White "alicechristina"]
[Black "stevochess11"]
[Result "1-0"]
[WhiteElo "1916"]
[BlackElo "1692"]
[TimeControl "300"]
[EndTime "17:05:21 PDT"]
[Termination "alicechristina won by checkmate"]

1. c4 c5 2. Nc3 Nf6 3. g3 e6 4.
Bg2 Be7 5. e4 O-O 6. Nge2 d6 7.
O-O Nbd7 8. d4 cxd4 9. Nxd4 a6 10. a4 Nc5 11. f4 Bd7 12. b4 e5 13. fxe5 dxe5 14. Nf5 Ne6 15. Nd5 Nxd5 16. cxd5 Nd4 17. Nxd4 Bxb4 18. Nf5 Bc3 19. Rb1 Bxf5 20. Rxf5 Bd4+ 21.
Kh1 b5 22. axb5 axb5 23. Qg4 Rc8 24. Bh6 g6 25. Bxf8 Qxf8 26. Rf6 Rc2 27. Rbf1 b4 28. d6 b3 29. d7 Bb6 30. Qf3 b2 31. Rxf7 Qxf7 32.
Qxf7+ Kh8 33. Qf8# 1-0

[Event "Live Chess"]
[Site "Chess.com"]
[Date "2024.06.02"]
[Round "-"]
[White "AlexanderMatlak"]
[Black "educatedlad"]
[Result "1-0"]
[WhiteElo "2403"]
[BlackElo "1741"]
[TimeControl "300"]
[EndTime "17:05:34 PDT"]
[Termination "AlexanderMatlak won by resignation"]

1. c4 c5 2. Nf3 Nf6 3. Nc3 Nc6 4. g3 g6 5. Bg2 Bg7 6. O-O O-O 7. d4 cxd4 8. Nxd4 Nxd4 9. Qxd4 Qc7 10. b3 e6 11. Bb2 d5 12. cxd5 exd5 13. Nxd5 Qd6 14. Nxf6+ 1-0

[Event "Live Chess"]
[Site "Chess.com"]
[Date "2024.06.02"]
[Round "-"]
[White "NAZRIZ1977"]
[Black "Queensandpawns"]
[Result "0-1"]
[WhiteElo "2147"]
[BlackElo "2308"]
[TimeControl "300"]
[EndTime "17:05:41 PDT"]
[Termination "Queensandpawns won by resignation"]

1. e4 e5 2. Nf3 Nf6 3. Nxe5 Nc6 4. Nxc6 dxc6 5. e5 Ne4 6. d3 Bc5 7. dxe4 Bxf2+ 8. Ke2 Bg4+ 9. Kxf2 Qxd1 10. Bd3 Qxh1 11.
Bf4 0-1

[Event "Live Chess"]
[Site "Chess.com"]
[Date "2024.06.02"]
[Round "-"]
[White "wadsy27"]
[Black "Duke_of_Bebington"]
[Result "1-0"]
[WhiteElo "2581"]
[BlackElo "1622"]
[TimeControl "300"]
[EndTime "17:06:13 PDT"]
[Termination "wadsy27 won by resignation"]

1. c4 c6 2. g3 d5 3. Nf3 Nf6 4. Bg2 dxc4 5. O-O g6 6. Na3 b5 7. b3 cxb3 8. Qxb3 Be6 9. Qc2 Bg7 10. Ng5 Bf5 11. Qb3 Nd5 12. Bb2 Bxb2 13. Qxb2 e6 14.
Qxh8+ Ke7 15. Qxd8+ Kxd8 1-0

[Event "Live Chess"]
[Site "Chess.com"]
[Date "2024.06.02"]
[Round "-"]
[White "Dhaydon19"]
[Black "grillage"]
[Result "1-0"]
[WhiteElo "2678"]
[BlackElo "1859"]
[TimeControl "300"]
[EndTime "17:06:52 PDT"]
[Termination "Dhaydon19 won by resignation"]

1. d3 c5 2. Nf3 Nc6 3. g3 g6 4. Bg2 Bg7 5. c3 Nf6 6. O-O O-O 7. Qc2 d6 8. Nbd2 Rb8 9. a4 Bd7 10. Ne4 b6 11. Rd1 a6 12. Nxf6+ Bxf6 13. h3 Qc8 14. Kh2 Ne5 15. Nxe5 Bxe5 16. Bh6 Bg7 17. Bxg7 Kxg7 18. d4 cxd4 19. Rxd4 Bc6 20. Rc4 1-0

[Event "Live Chess"]
[Site "Chess.com"]
[Date "2024.06.02"]
[Round "-"]
[White "oscalik"]
[Black "RichardABates"]
[Result "0-1"]
[WhiteElo "2272"]
[BlackElo "2323"]
[TimeControl "300"]
[EndTime "17:07:12 PDT"]
[Termination "RichardABates won on time"]

1. e4 c5 2. Nf3 d6 3. d4 cxd4 4. Nxd4 Nf6 5. Nc3 a6 6. Be2 e5 7. Nb3 Be7 8. Be3 Be6 9. Nd5 Nbd7 10. Qd3 Bxd5 11. exd5 O-O 12. c4 a5 13. Rc1 a4 14.
Nd2 Nc5 15. Qb1 Nfd7 16. b4 axb3 17. axb3 Bg5 18. b4 Bxe3 19. fxe3 Na4 20. O-O f5 21.
Nb3 Qb6 22. c5 dxc5 23. bxc5 Naxc5 24. Nxc5 Qxb1 25. Rxb1 Nxc5 26. Rfc1 Rac8 27. Rb5 Ne4 28. Rxc8 Rxc8 29. h3 Nd6 30. Rb6 Rd8 31. Kh2 Kf7 32. g3 Ke7 33. Kg2 Ra8 34. Kf3 Ra2 35.
Bd1 g5 36. g4 f4 37. exf4 gxf4 38. h4 Rd2 39. Be2 Rxd5 40. g5 Rd2 41. Kf2 e4 42. Ke1 Ra2 43. Bg4 f3 44. Rb4 Re2+ 0-1

[Event "Live Chess"]
[Site "Chess.com"]
[Date "2024.06.02"]
[Round "-"]
[White "gobbles19"]
[Black "ACM42"]
[Result "1-0"]
[WhiteElo "2271"]
[BlackElo "2148"]
[TimeControl "300"]
[EndTime "17:07:51 PDT"]
[Termination "gobbles19 won by resignation"]

1. e4 e6 2. d4 d5 3. Nc3 Bb4 4.
e5 c5 5. Bd2 Ne7 6. Nb5 O-O 7.
Bxb4 cxb4 8. f4 Nbc6 9. Nf3 f6 10.
Bd3 f5 11. O-O a6 12. Nd6 Bd7 13. Nxb7 Qb6 14. Nc5 Ra7 15. c3 a5 16. Kh1 Ng6 17.
Ng5 Re8 18. Qh5 Nf8 19. Nxd7 1-0

[Event "Live Chess"]
[Site "Chess.com"]
[Date "2024.06.02"]
[Round "-"]
[White "Cruiseylee78"]
[Black "TigerTank70"]
[Result "1-0"]
[WhiteElo "1702"]
[BlackElo "2218"]
[TimeControl "300"]
[EndTime "17:08:36 PDT"]
[Termination "Cruiseylee78 won by resignation"]

1. d4 d5 2. Bf4 h5 3. Nf3 Nf6 4. e3 e6 5. Bd3 c5 6. c3 Nc6 7.
Nbd2 Qb6 8. Qc1 c4 9. Be2 Bd7 10. O-O Ne7 11. Bxc4 Ng6 12. Bd3 Nxf4 13. exf4 h4 14. Ng5 Bd6 15. Ndf3 Rc8 16. Ne5 Rf8 17. Nexf7 Qc7 18. Ne5 Bxe5 19. fxe5 Ng8 20. Bg6+ Ke7 21. Nh7 h3 22. Qg5+ Nf6 23. exf6+ gxf6 24. Qh4 hxg2 25.
Rfe1 Rg8 26. Bf5 Kd6 27. Nxf6 Rgf8 28. Bxe6 Bxe6 29. Qg3+ Ke7 30. Nxd5+ 1-0

[Event "Live Chess"]
[Site "Chess.com"]
[Date "2024.06.02"]
[Round "-"]
[White "NeilDruggan73"]
[Black "CarmelJane"]
[Result "1-0"]
[WhiteElo "1755"]
[BlackElo "2067"]
[TimeControl "300"]
[EndTime "17:08:41 PDT"]
[Termination "NeilDruggan73 won by checkmate"]

1. d4 Nf6 2. Bg5 e6 3. e4 h6 4. Bxf6 Qxf6 5. c3 b6 6. Nf3 Bb7 7. Nbd2 d6 8. Bc4 Nd7 9. O-O e5 10. Re1 Be7 11. d5 O-O 12. b4 Qg6 13. Qa4 Nf6 14. g3 a5 15. Nh4 Qh7 16. Nf5 Rfe8 17. Bb5 axb4 18. Qxb4 Bc8 19. Bxe8 Bxf5 20. Bc6 Rf8 21.
exf5 Qxf5 22. a4 Ng4 23. f3 Nf6 24. Ne4 Nxe4 25. Qxe4 Qg5 26. f4 Qg4 27. Qe2 Qh3 28. a5 bxa5 29. Rxa5 Bf6 30. Qg2 Qg4 31. Ra4 exf4 32.
Rxf4 Qg5 33. h4 Qg6 34. Qf3 Be5 35. Rg4 Qc2 36. Re2 Qc1+ 37. Kg2 f5 38. Rg6 f4 39. Bd7 fxg3 40. Be6+ Kh7 41. Qxf8 Kxg6 42. Qf5# 1-0

[Event "Live Chess"]
[Site "Chess.com"]
[Date "2024.06.02"]
[Round "-"]
[White "Outspanner"]
[Black "KeithArkell"]
[Result "0-1"]
[WhiteElo "1530"]
[BlackElo "2424"]
[TimeControl "300"]
[EndTime "17:09:02 PDT"]
[Termination "KeithArkell won on time"]

1. e4 c6 2. d4 d5 3. exd5 cxd5 4. Bd3 Nf6 5. Bf4 Nc6 6. c3 Bg4 7. f3 Bh5 8. g4 Bg6 9. h4 Bxd3 10. Qxd3 e6 11. Ne2 Bd6 12. Nd2 Bxf4 13. Nxf4 Qc7 14. Qe3 O-O-O 15. O-O-O Rhe8 16. Nd3 Kb8 17. g5 Nh5 18.
Nb3 b6 19. Ne5 Nxe5 20. dxe5 g6 21. Nd4 Qc5 22. Rhe1 Ng3 23. Qf4 Nf5 24. Nxf5 gxf5 25. Qd4 Rc8 26. Qxc5 Rxc5 27. Rd4 Rec8 28. Kd2 b5 29. Rg1 a5 30. a3 Rc4 31. Rc1 Kb7 32.
b3 R4c7 33. c4 bxc4 34. bxc4 dxc4 35. Kc3 Ka6 36. Rb1 Rb7 37. Rd6+ Ka7 38. Rxb7+ Kxb7 39. Rd7+ Rc7 40. Rxc7+ Kxc7 41. Kxc4 Kc6 42. a4 Kb6 0-1

[Event "Live Chess"]
[Site "Chess.com"]
[Date "2024.06.02"]
[Round "-"]
[White "MagnersCarlsberg2870"]
[Black "StoreySniper"]
[Result "0-1"]
[WhiteElo "1771"]
[BlackElo "2530"]
[TimeControl "300"]
[EndTime "17:09:08 PDT"]
[Termination "StoreySniper won by resignation"]

1. Nf3 d5 2. d4 c5 3. e3 Nc6 4. c3 e6 5. Bd3 Nf6 6. Nbd2 Be7 7. Qe2 O-O 8. O-O Re8 9. e4 dxe4 10. Nxe4 Nxe4 11. Qxe4 g6 12. Bh6 Qd5 13. Qe2 cxd4 14. Rad1 Qh5 15. Bf4 dxc3 16. bxc3 e5 17. Bxe5 Bf6 18.
Bxf6 Rxe2 19. Bxe2 Bg4 20. Rd6 Re8 21. Bb5 Bxf3 22. Bxc6 Bxc6 23. Rfd1 Qf5 24. Bd4 Qg4 0-1

[Event "Live Chess"]
[Site "Chess.com"]
[Date "2024.06.02"]
[Round "-"]
[White "TheSmoulderingMaster"]
[Black "booktrunk"]
[Result "1-0"]
[WhiteElo "1765"]
[BlackElo "1476"]
[TimeControl "300"]
[EndTime "17:09:31 PDT"]
[Termination "TheSmoulderingMaster won by resignation"]

1. e4 b6 2. d4 Bb7 3. Nc3 h6 4. Nf3 e6 5. Bf4 Bb4 6. Bd3 Nf6 7. O-O Bxc3 8. bxc3 Nxe4 9. Bxe4 Bxe4 10. Qe2 Bb7 11. Ne5 Qf6 12. Bg3 d6 13. Nd3 O-O 14. Rae1 Nd7 15. Qe3 Rae8 16. c4 Qg6 17. Nf4 Qf6 18. Nh5 Qg5 19. Nf4 Nf6 20. Qa3 a5 21. c5 h5 22. h4 Qh6 23. cxb6 cxb6 24. Qxd6 Ne4 25. Qxb6 Nxg3 26. fxg3 Rb8 27. Qxa5 Qh7 28. Nxh5 Ra8 29. Qg5 f6 30. Rxf6 Rxf6 31. Nxf6+ 1-0

[Event "Live Chess"]
[Site "Chess.com"]
[Date "2024.06.02"]
[Round "-"]
[White "Plato_77"]
[Black "Crowded_House"]
[Result "0-1"]
[WhiteElo "1297"]
[BlackElo "1726"]
[TimeControl "300"]
[EndTime "17:09:44 PDT"]
[Termination "Crowded_House won on time"]

1. d4 e6 2. Bf4 d5 3. Nf3 Bd6 4.
Bxd6 Qxd6 5. e3 Nf6 6. c4 dxc4 7.
Bxc4 O-O 8. O-O Nbd7 9. Nc3 a6 10. Qc2 Nb6 11. Bd3 Bd7 12. Ne4 Nxe4 13. Bxe4 Bc6 14. Bxh7+ Kh8 15. Be4 Bxe4 16. Qxe4 Qd5 17. Qh4+ Kg8 18. Ng5 Qf5 19. f4 f6 20. Nf3 Nd5 21. Rfe1 Qh7 22. Qf2 Nb4 23. Red1 Nd5 24. Rac1 c6 25. g3 Nb4 26. a3 Nd3 27. Rxd3 Qxd3 28.
g4 Kf7 29. g5 Rh8 30. f5 Qxf5 31. gxf6 Qxf6 32. Ne5+ Ke7 33. Qg3 Rh5 34. Ng6+ Kd7 35. Rf1 Rg5 36. Ne5+ Ke7 37. Ng4 Qg6 38. h3 Rxg4 0-1